 Dungeon Crawl Stone Soup version 0.16.2-12-gd0ad4c3 (webtiles) character file.

317 hannobal the Slasher (level 6, -2/39 HPs)
             Began as a High Elf Skald on Oct 18, 2015.
             Slain by a gnoll (3 damage)
             ... on level 3 of the Dungeon on Oct 19, 2015.
             The game lasted 00:16:31 (4557 turns).

hannobal the Slasher (High Elf Skald)               Turns: 4557, Time: 00:16:32

Health: -2/39      AC:  5    Str: 13    XL:     6   Next: 20%
Magic:  15/15      EV: 10    Int: 16    God:
Gold:   112        SH:  0    Dex: 15    Spells: 4 memorised, 1 level left

rFire  . . .     SeeInvis .     b - -2 blowgun (curse)
rCold  . . .     Clarity  .     k - +0 ring mail
rNeg   . . .     SustAb   .     (no shield)
rPois  .         Gourm    .     (no helmet)
rElec  .         Spirit   .     (no cloak)
rCorr  .         Warding  .     (no gloves)
rMut   .         Stasis   .     (no boots)
MR     .....                    (no amulet)
Stlth  +.........               (no ring)
                                (no ring)

@: not resistant to hostile enchantments, very unstealthy
A: no striking features
a: no special abilities


You were on level 3 of the Dungeon.
You were not hungry.

You visited 1 branch of the dungeon, and saw 4 of its levels.

You collected 112 gold pieces.

Inventory:

Hand weapons
 a - a +0 falchion
 b - a cursed -2 blowgun (weapon)
 f - a +0 dagger
Missiles
 g - 4 stones (quivered)
 h - 22 bolts
 i - 4 sling bullets of frost
 n - 13 poisoned arrows
Armour
 k - a +0 ring mail (worn)
 o - a +0 leather armour
Books
 c - a book of Battle

   Spells                             Type                      Level
   a - Infusion                       Charms                       1
   b - Shroud of Golubria             Charms/Translocation         2
   c - Song of Slaying                Charms                       2
   d - Spectral Weapon                Hexes/Charms                 3
   e - Regeneration                   Charms/Necromancy            3
Comestibles
 d - 5 bread rations {@e1}
 j - 3 fruits
 l - 2 meat rations {@e2}
 m - a beef jerky
 p - a chunk of flesh {@w0}


   Skills:
 - Level 2.0 Fighting
 - Level 6.0 Long Blades
 + Level 3.5 Throwing
 - Level 1.0 Armour
 - Level 1.1 Dodging
 - Level 2.4 Spellcasting
 - Level 1.0 Hexes
 - Level 4.1 Charms
 - Level 1.0 Translocations


You had one spell level left.
You knew the following spells:

 Your Spells              Type           Power        Failure   Level  Hunger
a - Infusion              Chrm           ###...       10%         1    #......
b - Song of Slaying       Chrm           ###.....     14%         2    ###....
c - Spectral Weapon       Hex/Chrm       ##......     47%         3    ###....
s - Shroud of Golubria    Chrm/Tloc      ##........   24%         2    ###....


Dungeon Overview and Level Annotations

Branches:
Dungeon (4/15)
 Temple: D:4-7

Altars:
Ashenzari
Dithmenos


Message History

The stone hits the gnoll but does no damage.
The gnoll is severely wounded.
The gnoll hits you.
* * * LOW HITPOINT WARNING * * *
The gnoll hits you but does no damage.
Throwing (i - inventory):
g - 6 stones (quivered)
Press: ? - help, Shift-Dir - straight line, f/p - gnoll
Aim: a gnoll (severely wounded)
You throw a stone. The stone hits the gnoll.
The gnoll is almost dead.
The gnoll hits you but does no damage. The gnoll hits you.
* * * LOW HITPOINT WARNING * * *
Throwing (i - inventory):
g - 5 stones (quivered)
Press: ? - help, Shift-Dir - straight line, f/p - gnoll
Aim: a gnoll (almost dead)
You throw a stone.
The stone hits the gnoll but does no damage.
The gnoll is almost dead.
The gnoll hits you.
You die...

#..................
#.##########......#
#.# ######.. #.#
### #.# # #.# # #.#
# #g########
######## #.@g....(#
#....... ########.#
#.###### #.# #.# #
#.# #.# # #.# #.# #
#.###.# #.....#
#######


You could see 2 gnolls.

Vanquished Creatures
  A giant frog (D:3)
  An iguana (D:3)
  2 orc wizards
  Terence (D:2)
  6 adders
  A gnoll (D:4)
  4 worms
  5 orcs
  6 bats
  6 giant cockroaches
  5 hobgoblins (D:1)
  A quokka (D:3)
  A ball python (D:3)
  4 giant newts
  8 goblins
  10 kobolds
  12 rats
74 creatures vanquished.

Notes
Turn   | Place    | Note
--------------------------------------------------------------
     0 | D:1      | hannobal, the High Elf Skald, began the quest for the Orb.
     0 | D:1      | Reached XP level 1. HP: 14/14 MP: 4/4
   340 | D:1      | Reached XP level 2. HP: 19/19 MP: 6/6
   392 | D:1      | Learned a level 2 spell: Shroud of Golubria
   395 | D:1      | Learned a level 2 spell: Song of Slaying
   605 | D:1      | Reached skill level 4 in Long Blades
   657 | D:1      | Reached skill level 1 in Armour
  1328 | D:2      | Reached XP level 3. HP: 21/24 MP: 5/8
  1482 | D:2      | Found a shadowy altar of Dithmenos.
  1503 | D:2      | Found a shattered altar of Ashenzari.
  1688 | D:2      | Reached skill level 1 in Translocations
  1711 | D:2      | Noticed Terence
  1734 | D:2      | Killed Terence
  2422 | D:2      | Reached XP level 4. HP: 29/29 MP: 2/11
  2649 | D:2      | HP: 1/29 [something (2)]
  2651 | D:2      | Reached skill level 5 in Long Blades
  3051 | D:2      | Reached XP level 5. HP: 15/34 MP: 8/12
  3384 | D:3      | Reached skill level 6 in Long Blades
  3461 | D:3      | Learned a level 3 spell: Spectral Weapon
  3759 | D:3      | Reached skill level 1 in Hexes
  3825 | D:3      | Noticed a giant frog
  3834 | D:3      | Killed a giant frog
  3949 | D:3      | Reached XP level 6. HP: 39/39 MP: 15/15
  4556 | D:3      | HP: 1/39 [gnoll (5)]
  4557 | D:3      | Slain by a gnoll

Action                   |  1- 3 |  4- 6 || total
-------------------------+-------+-------++-------
Melee: Falchion          |   110 |    85 ||   195
 Fire: Blowgun           |       |    70 ||    70
Throw: Stone             |    24 |    32 ||    56
 Cast: Infusion          |    19 |    12 ||    31
       Shroud of Golubri |     5 |     9 ||    14
       Song of Slaying   |     1 |       ||     1
  Use: Scroll            |     1 |     4 ||     5
       Potion            |     2 |     1 ||     3
  Eat: Chunk             |     4 |     7 ||    11
       Beef jerky        |       |     1 ||     1
